 Dungeon Crawl Stone Soup version 0.30-b1-2-g02819fbbbe (webtiles) character file.

Game seed: 2221110335284496597

25 Armakuni the Trooper (level 3, -7/28 HPs)
             Began as a Human Wanderer on May 18, 2023.
             Killed from afar by Natasha (11 damage)
             ... with a magic dart
             ... on level 2 of the Dungeon.
             The game lasted 00:04:46 (1398 turns).

Armakuni the Trooper (Human Wanderer)               Turns: 1398, Time: 00:04:47

Health: -7/28      AC:  4    Str:  9    XL:     3   Next: 20%
Magic:  6/6        EV: 12    Int: 12    God:
Gold:   74         SH:  0    Dex: 17    Spells: 6/6 levels left

rFire   . . .        a - +0 dagger
rCold   . . .        (no shield)
rNeg    . . .        e - +0 robe
rPois   .            (no helmet)
rElec   .            i - +1 cloak
rCorr   .            (no gloves)
SInv    .            (no boots)
Will    .....        (no amulet)
Stlth   ++           (no ring)
HPRegen 0.24/turn    (no ring)
MPRegen 0.10/turn

%: no passive effects
@: no status effects
A: no striking features
a: no special abilities


You were on level 2 of the Dungeon.
You visited 1 branch of the dungeon, and saw 2 of its levels.

You collected 74 gold pieces.

Inventory:

Hand Weapons
 a - a +0 dagger (weapon)
 b - a +0 sling
Armour
 e - a +0 robe (worn)
 i - a +1 cloak (worn)
Jewellery
 d - a ring of ice
 J - a ring of ice
Scrolls
 f - a scroll of noise
 h - a scroll of enchant armour
Potions
 X - 2 potions of attraction


   Skills:
 + Level 2.9 Fighting
 - Level 2.0 Polearms
 - Level 1.0 Dodging
 - Level 2.0 Spellcasting
 - Level 2.0 Necromancy
 - Level 1.0 Invocations
 - Level 1.0 Evocations


You had 6 spell levels left.
You didn't know any spells.
Your spell library contained the following spells:

 Spells                   Type           Power      Damage    Failure   Level
 Necrotise                Necr           24%        1d5       12%         1
 Vampiric Draining        Necr           6%         2d6       34%         3
 Dispel Undead            Necr           6%         3d8       75%         4


Dungeon Overview and Level Annotations

Branches:
Dungeon (2/15)

Altars:

Annotations:
D:2 Natasha


Message History

d - a ring of ice
Found a leather armour.
Natasha, Servant of Life and Death comes into view.
Found 17 gold pieces.
Natasha is nearby!
Natasha hisses angrily.
Hit: a) +0 dagger
Press: ? - help, Dir - move target, f - Natasha
Aim: Natasha (about 41% to evade your +0 dagger)
Okay, then.
Okay, then.
Okay, then.
Unknown command.
Natasha barely misses you. Natasha attacks as you move away!
Natasha claws you but does no damage.
Natasha stares at you and mumbles some strange words.
You resist with significant effort. Natasha claws you!
You hit Natasha but do no damage. Natasha claws you!
You closely miss Natasha. Natasha claws you.
* * * LOW HITPOINT WARNING * * *
Okay, then.
Blink to where?
Press: ? - help, Dir - move target
As you read the scroll of blinking, it crumbles to dust.
Natasha hisses.
Natasha mumbles some strange words.
Natasha glows brightly for a moment.
Natasha stares at you and mumbles some strange words.
You resist with significant effort.
Things that are here:
a ball python corpse; a giant cockroach corpse Natasha mumbles some strange words.
You feel disoriented.
Natasha stares at you and mumbles some strange words.
The magic dart hits you!
* * * LOW HITPOINT WARNING * * *
Natasha casts a spell at you. The magic dart hits you!
You die...

#..............#,..,,,,,*
#######..h.....#.#..,,,**
#.#...........,,**
#..........#**,**
####.......# *,****
#†####.## *,,,,* #.# *,#
****,* #.# *,* *,* #@# *,*
*,* #.# *,* *,* #.# *,*
*,* ***** #.####.##*****,*
*,,,#######........,,,,,,*
*,,,........####.##*******
*,,,#######.#
**,*********** **,** #.#
*,,*,,,,,,,,,, *,* #.#
*,#*,*********


You could see Natasha.

Vanquished Creatures
  A bat (D:1)
  4 giant cockroaches
  4 goblins
  2 hobgoblins
  3 kobolds (D:1)
  2 quokkas (D:1)
  2 ball pythons (D:2)
  A frilled lizard (D:1)
  A rat (D:1)
20 creatures vanquished.

Notes
Turn   | Place    | Note
-------+----------+-------------------------------------------
     0 | D:1      | Armakuni the Human Wanderer began the quest for the Orb.
     0 | D:1      | Armakuni set off with the following items: a +0 spear, a +0
                  | cloak, a scroll of blinking, a +0 robe; and the following
                  | spell memorised: Necrotise; and the following spells
                  | available to memorise: Vampiric Draining, Dispel Undead.
     0 | D:1      | Reached XP level 1. HP: 15/15 MP: 3/3
   254 | D:1      | Reached XP level 2. HP: 21/22 MP: 5/5
  1131 | D:1      | Reached XP level 3. HP: 22/28 MP: 6/6
  1376 | D:2      | Noticed Natasha
  1398 | D:2      | Killed from afar by Natasha

Illustrated notes

Levels and vault maps discovered:
D:1:      lemuel_arrival_room, layout_loops_ring
D:2:      layout_loops_ring, uniq_robin, uniq_jessica, uniq_natasha

Skill      XL: |  1  2 |
---------------+-------+-----
Fighting       | 2 |  2.9
Polearms       | |  2.0
Dodging        | |  1.0
Spellcasting   | |  2.0
Necromancy     | |  2.0
Invocations    | |  1.0
Evocations     | |  1.0

Action                     || total
---------------------------++-------
  Melee: Dagger            ||    93
         Spear             ||     4
         Punch             ||     1
    Use: Scroll            ||     7
         Potion            ||     2
   Stab: Sleeping          ||     2
 Armour: Robe              ||    36
  Dodge: Dodged            ||    50
